 Dungeon Crawl Stone Soup version 0.30-a0-149-g7f746667c4 (webtiles) character file.

Game seed: 6554041576943296075

1957 qw the Cleaver (level 9, -5/55 HPs)
             Began as a Gargoyle Fighter on Sept 26, 2022.
             Was a Believer of Okawaru.
             Slain by an eight-headed hydra (10 damage)
             ... on level 7 of the Dungeon.
             The game lasted 00:02:44 (6578 turns).

qw the Cleaver (Gargoyle Fighter)                   Turns: 6578, Time: 00:02:45

Health: -5/55      AC: 23    Str: 24    XL:     9   Next: 19%
Magic:  11/12      EV: 13    Int:  9    God:    Okawaru [**....]
Gold:   317        SH:  5    Dex:  9    Spells: 8/8 levels left

rFire   . . .      SeeInvis .    m - +0 flail
rCold   + . .      Faith    .    c - +0 buckler
rNeg    + . .      Spirit   .    j - +2 chain mail {rC+}
rPois   inf        Reflect  .    a - +0 helmet
rElec   +          Harm     .    g - +0 cloak
rCorr   .          Rampage  .    e - +0 pair of gloves
Will    .....                    (no boots)
Stlth   ..........               p - amulet of regeneration
HPRegen 0.98/turn                l - +4 ring of evasion
MPRegen 0.13/turn                (no ring)

@: heroic
A: sickness immunity, AC +6, negative energy resistance 1, electricity
resistance, torment resistance 1, petrification resistance
a: Renounce Religion, Heroism


You were on level 7 of the Dungeon.
You worshipped Okawaru.
Okawaru was pleased with you.
You visited 2 branches of the dungeon, and saw 8 of its levels.
You also visited: Sewer.

You collected 317 gold pieces.


Innate Abilities, Weirdness & Mutations

You are immune to sickness and miasma.
Your stone body is resilient. (AC +6)
You are immune to poison.
You resist negative energy. (rN+)
You are resistant to electric shocks. (rElec)
You are resistant to unholy torment.
You are immune to petrification.


   Skills:
 - Level 6.0(11.0) Fighting
 + Level 8.9(13.9) Axes
 - Level 4.0(9.0) Armour
 - Level 1.3(6.3) Dodging
 - Level 3.2(8.2) Shields
 - Level 4.1 Invocations


You had 8 spell levels left.
You didn't know any spells.
Your spell library was empty.

Inventory:

Hand Weapons
 m - a +0 flail (weapon)
 Y - a +1 war axe
Armour
 a - a +0 helmet (worn)
 c - a +0 buckler (worn)
 e - a +0 pair of gloves (worn)
 g - a +0 cloak (worn)
 j - a +2 chain mail of cold resistance (worn)
Jewellery
 h - a ring of ice
 l - a +4 ring of evasion (left hand)
 n - a ring of see invisible
 p - an amulet of regeneration (around neck)
 s - a +4 ring of protection
Scrolls
 b - 2 scrolls of identify
 f - 2 scrolls of teleportation
Potions
 d - 3 potions of might
 i - 2 potions of heal wounds
 k - 2 potions of haste
 o - a potion of attraction
 q - a potion of resistance {unknown}
 r - a potion of curing

Dungeon Overview and Level Annotations

Branches:
Dungeon (7/15)             Temple (1/1) D:4           Sewer (visited)

Altars:
Ashenzari
Cheibriados
Dithmenos
Elyvilon
Fedhas
Gozag
Nemelex Xobeh
Okawaru
Qazlal
Ru
Sif Muna
Wu Jian
Xom
Yredelemnul
Zin
The Shining One
Lugonu

Shops:
D:6 *


Message History

The eight-headed hydra is moderately wounded.
You block the eight-headed hydra's attack.
The eight-headed hydra bites you but does no damage.
You block the eight-headed hydra's attack.
The eight-headed hydra misses you.
The eight-headed hydra closely misses you. x2
The eight-headed hydra barely misses you.
The eight-headed hydra bites you but does no damage.
You thump the eight-headed hydra!
The eight-headed hydra is heavily wounded.
The eight-headed hydra bites you but does no damage. x5
The eight-headed hydra barely misses you.
The eight-headed hydra bites you but does no damage.
The eight-headed hydra bites you.
You hit the eight-headed hydra.
The eight-headed hydra is heavily wounded.
The eight-headed hydra bites you. The eight-headed hydra bites you!
The eight-headed hydra bites you but does no damage.
The eight-headed hydra bites you.
You block the eight-headed hydra's attack. x2
The eight-headed hydra misses you.
The eight-headed hydra closely misses you.
You thump the eight-headed hydra!
The eight-headed hydra is heavily wounded.
You sock the eight-headed hydra!
The eight-headed hydra is severely wounded.
The eight-headed hydra bites you.
You block the eight-headed hydra's attack.
The eight-headed hydra bites you but does no damage.
The eight-headed hydra barely misses you.
The eight-headed hydra bites you.
The eight-headed hydra bites you but does no damage.
The eight-headed hydra closely misses you.
The eight-headed hydra bites you but does no damage.
You hit the eight-headed hydra.
The eight-headed hydra is severely wounded.
The eight-headed hydra bites you! The eight-headed hydra bites you.
The eight-headed hydra bites you but does no damage. x2
The eight-headed hydra bites you!
You die...

####)# ..# #.#7777.#
#.......##
####...777.#.#
...........# /
.....#7777.# #.
.....#.....# 7.7
.....#.7777#7 7D7#
...#
.....#.....#.777@#
#....#
.....#7777.#7.7.7#
#.....# .....# 7...#
7.77 #......###
.....#77.77# #.#
#.........
.....#.7.7.#77.77
#.........
.....#7.7)7#7(..7#..7
#.........
.....#.7.7............
#.##......
.....#7.7.7#7...7#..7.
#.#......#
.....#.7.7.#77.77 7.7
#.#.####.#


You could see an eight-headed hydra.

Vanquished Creatures
  A cyclops (D:7)
  2 water moccasins (D:7)
  An ice beast (D:5)
  A sky beast (D:7)
  An ogre (D:7)
  A centaur (D:6)
  A kobold brigand (D:7)
  2 phantoms
  A bullfrog (D:4)
  A necrophage (D:5)
  2 scorpions
  A howler monkey (D:7)
  2 jellies (D:5)
  An orc priest (D:5)
  An iguana (D:5)
  5 orc wizards
  A hell rat (Sewer)
  Robin (D:2)
  5 gnolls
  5 adders
  3 river rats (Sewer)
  A white imp (D:5)
  A worm (D:3)
  2 dart slugs
  13 orcs
  7 bats
  2 endoplasms
  4 giant cockroaches
  5 hobgoblins
  15 jackals
  5 quokkas
  4 ball pythons
  5 frilled lizards
  18 goblins
  11 kobolds
  7 rats
139 creatures vanquished.

Vanquished Creatures (others)
  2 plants (D:3)
2 creatures vanquished.

Grand Total: 141 creatures vanquished

Notes
Turn   | Place    | Note
-------+----------+-------------------------------------------
     0 | D:1      | qw the Gargoyle Fighter began the quest for the Orb.
     0 | D:1      | Reached XP level 1. HP: 14/14 MP: 1/1
     0 | D:1      | 0 ||| qw: Version: 0.2-a-10-g399e6c4
     0 | D:1      | 0 ||| qw: Game counter: 534
     0 | D:1      | 0 ||| qw: Always use a shield: true
     0 | D:1      | 0 ||| qw: God list: Okawaru
     0 | D:1      | 0 ||| qw: Allow faded altars: false
     0 | D:1      | 0 ||| qw: Do Orc after D:15 true
     0 | D:1      | 0 ||| qw: Do second Lair branch before Depths: true
     0 | D:1      | 0 ||| qw: Lair rune preference: random
     0 | D:1      | 0 ||| qw: Plans: Normal, Zot:1-4, God:TSO, Crypt, Tomb,
                  | Pan, Slime:5, Hells, Abyss, Orb
     0 | D:1      | 0 ||| PLANNING D:1-11
    23 | D:1      | Reached skill level 2 in Axes
   136 | D:1      | Reached XP level 2. HP: 19/19 MP: 2/2
   535 | D:1      | Reached skill level 3 in Axes
   721 | D:1      | 721 ||| UPGRADING to +0 pair of gloves.
   726 | D:1      | 726 ||| UPGRADING to +0 chain mail.
   736 | D:1      | 736 ||| DROPPING +0 scale mail.
   737 | D:1      | 737 ||| READING 2 scrolls labelled OTRIOD DOIWN.
   738 | D:1      | 738 ||| READING scroll labelled WUSTRUA REVORUKH.
   743 | D:1      | 743 ||| READING scroll labelled ULAPYAL DAOK.
   744 | D:1      | 744 ||| DROPPING scroll of butterflies.
   758 | D:2      | 758 ||| STAIRDANCE
   828 | D:2      | Reached XP level 3. HP: 23/23 MP: 3/3
   833 | D:2      | 833 ||| STAIRDANCE
   927 | D:2      | 927 ||| Stepping ~*~*~tactically~*~*~ (stealth).
   929 | D:2      | 929 ||| Stepping ~*~*~tactically~*~*~ (stealth).
   944 | D:2      | Noticed Robin
   966 | D:2      | Killed Robin
   967 | D:2      | Reached XP level 4. HP: 11/28 MP: 4/4
  1166 | D:2      | 1166 ||| DROPPING +0 club.
  1257 | D:2      | Reached skill level 4 in Axes
  1259 | D:2      | 1259 ||| Stepping ~*~*~tactically~*~*~ (stealth).
  1265 | D:2      | 1265 ||| Stepping ~*~*~tactically~*~*~ (stealth).
  1267 | D:2      | 1267 ||| Stepping ~*~*~tactically~*~*~ (stealth).
  1277 | D:2      | 1277 ||| Stepping ~*~*~tactically~*~*~ (hiding).
  1289 | D:2      | 1289 ||| Stepping ~*~*~tactically~*~*~ (stealth).
  1291 | D:2      | 1291 ||| Stepping ~*~*~tactically~*~*~ (stealth).
  1541 | D:2      | 1541 ||| DROPPING +0 mace.
  1580 | D:2      | 1580 ||| Stepping ~*~*~tactically~*~*~ (stealth).
  1682 | D:2      | Reached XP level 5. HP: 28/32 MP: 5/5
  1909 | D:2      | Found a faded altar of an unknown god.
  2024 | D:2      | 2024 ||| UPGRADING to +0 helmet.
  2029 | D:2      | 2029 ||| DROPPING +1 hat.
  2030 | D:2      | 2030 ||| READING scroll labelled UBYNTAFECK.
  2131 | D:2      | 2131 ||| READING 2 scrolls labelled QYCHERA GIC UTZ.
  2132 | D:2      | 2132 ||| READING scroll labelled HIALOI HAWKOCE.
  2133 | D:2      | 2133 ||| DRINKING 2 fuming ruby potions.
  2134 | D:2      | 2134 ||| DROPPING scroll of magic mapping.
  2249 | D:3      | Found a faded altar of an unknown god.
  2250 | D:3      | 2250 ||| Stepping ~*~*~tactically~*~*~ (hiding).
  2344 | D:3      | Found a blossoming altar of Fedhas.
  2362 | D:3      | 2362 ||| Stepping ~*~*~tactically~*~*~ (stealth).
  2405 | D:3      | 2405 ||| Stepping ~*~*~tactically~*~*~ (stealth).
  2406 | D:3      | 2406 ||| Stepping ~*~*~tactically~*~*~ (stealth).
  2673 | D:3      | 2673 ||| Stepping ~*~*~tactically~*~*~ (stealth).
  2676 | D:3      | 2676 ||| Stepping ~*~*~tactically~*~*~ (stealth).
  2696 | D:3      | 2696 ||| Stepping ~*~*~tactically~*~*~ (stealth).
  2833 | D:3      | Found a broken altar of Ashenzari.
  2835 | D:3      | Found a white marble altar of Elyvilon.
  2837 | D:3      | Found a stormy altar of Qazlal.
  2915 | D:3      | 2915 ||| READING scroll labelled FESTOCOMIHAI.
  2916 | D:3      | 2916 ||| READING 2 scrolls of identify.
  2916 | D:3      | 2916 ||| IDENTIFYING murky yellow potion
  2940 | D:4      | 2940 ||| PLANNING SEWER
  2945 | D:4      | 2945 ||| Stepping ~*~*~tactically~*~*~ (stealth).
  2946 | D:4      | 2946 ||| Stepping ~*~*~tactically~*~*~ (stealth).
  2965 | D:4      | 2965 ||| FLEEEEING.
  2968 | D:4      | 2968 ||| STAIRDANCE
  3017 | D:4      | 3017 ||| Stepping ~*~*~tactically~*~*~ (stealth).
  3018 | D:4      | 3018 ||| Stepping ~*~*~tactically~*~*~ (stealth).
  3041 | D:4      | Reached skill level 5 in Axes
  3125 | D:4      | Found a glowing drain.
  3126 | D:4      | 3126 ||| READING scroll labelled VETUCK OCISSANA.
  3131 | D:4      | 3131 ||| READING scroll of teleportation.
  3156 | D:4      | 3156 ||| FLEEEEING.
  3157 | D:4      | 3157 ||| FLEEEEING.
  3158 | D:4      | 3158 ||| FLEEEEING.
  3161 | D:4      | 3161 ||| FLEEEEING.
  3162 | D:4      | 3162 ||| FLEEEEING.
  3163 | D:4      | 3163 ||| FLEEEEING.
  3164 | D:4      | 3164 ||| FLEEEEING.
  3165 | D:4      | 3165 ||| FLEEEEING.
  3166 | D:4      | 3166 ||| FLEEEEING.
  3177 | D:4      | Reached XP level 6. HP: 34/38 MP: 6/6
  3177 | D:4      | 3177 ||| STAIRDANCE
  3215 | D:4      | 3215 ||| FLEEEEING.
  3216 | D:4      | 3216 ||| FLEEEEING.
  3218 | D:4      | 3218 ||| STAIRDANCE
  3225 | D:4      | 3225 ||| STAIRDANCE
  3237 | D:4      | 3237 ||| FLEEEEING.
  3238 | D:4      | 3238 ||| FLEEEEING.
  3241 | D:4      | 3241 ||| FLEEEEING.
  3242 | D:4      | 3242 ||| FLEEEEING.
  3243 | D:4      | 3243 ||| FLEEEEING.
  3245 | D:4      | 3245 ||| STAIRDANCE
  3251 | D:4      | 3251 ||| STAIRDANCE
  3258 | D:4      | 3258 ||| FLEEEEING.
  3259 | D:4      | 3259 ||| FLEEEEING.
  3260 | D:4      | 3260 ||| STAIRDANCE
  3265 | D:4      | 3265 ||| FLEEEEING.
  3266 | D:4      | 3266 ||| STAIRDANCE
  3271 | D:4      | 3271 ||| STAIRDANCE
  3284 | D:4      | 3284 ||| FLEEEEING.
  3285 | D:4      | 3285 ||| FLEEEEING.
  3286 | D:4      | 3286 ||| FLEEEEING.
  3287 | D:4      | 3287 ||| FLEEEEING.
  3288 | D:4      | 3288 ||| FLEEEEING.
  3289 | D:4      | 3289 ||| FLEEEEING.
  3290 | D:4      | 3290 ||| FLEEEEING.
  3291 | D:4      | 3291 ||| FLEEEEING.
  3293 | D:4      | 3293 ||| STAIRDANCE
  3301 | D:4      | 3301 ||| STAIRDANCE
  3323 | D:4      | 3323 ||| Stepping randomly (stuck).
  3324 | D:4      | 3324 ||| Stepping randomly (stuck).
  3325 | D:4      | 3325 ||| Stepping randomly (stuck).
  3346 | Sewer    | Entered a sewer
  3632 | Sewer    | 3632 ||| READING scroll labelled FYNECVY UREFE.
  3633 | Sewer    | 3633 ||| READING 3 scrolls of identify.
  3633 | Sewer    | 3633 ||| IDENTIFYING metallic grey potion
  3634 | Sewer    | 3634 ||| READING 2 scrolls of identify.
  3634 | Sewer    | 3634 ||| IDENTIFYING ruby potion
  3635 | Sewer    | 3635 ||| DROPPING potion of flight.
  3647 | D:4      | 3647 ||| PLANNING D:1-11
  3647 | D:4      | 3647 ||| READING scroll of teleportation.
  3652 | D:4      | Found a staircase to the Ecumenical Temple.
  3653 | D:4      | 3653 ||| PLANNING TEMPLE
  3653 | D:4      | 3653 ||| Stepping ~*~*~tactically~*~*~ (stealth).
  3654 | D:4      | 3654 ||| Stepping ~*~*~tactically~*~*~ (stealth).
  3663 | Temple   | Entered the Ecumenical Temple
  3692 | Temple   | 3692 ||| PLANNING D:1-11
  3799 | D:4      | 3799 ||| Stepping ~*~*~tactically~*~*~ (stealth).
  3800 | D:4      | 3800 ||| Stepping ~*~*~tactically~*~*~ (stealth).
  3930 | D:4      | 3930 ||| UPGRADING to +0 cloak.
  3951 | D:4      | 3951 ||| STAIRDANCE
  3955 | D:4      | 3955 ||| STAIRDANCE
  3959 | D:4      | 3959 ||| STAIRDANCE
  3963 | D:4      | 3963 ||| STAIRDANCE
  3967 | D:4      | 3967 ||| STAIRDANCE
  3971 | D:4      | 3971 ||| STAIRDANCE
  3975 | D:4      | 3975 ||| STAIRDANCE
  3979 | D:4      | 3979 ||| STAIRDANCE
  3983 | D:4      | 3983 ||| STAIRDANCE
  4055 | D:5      | Entered Level 5 of the Dungeon
  4064 | D:5      | 4064 ||| Stepping ~*~*~tactically~*~*~ (stealth).
  4068 | D:5      | 4068 ||| Stepping ~*~*~tactically~*~*~ (stealth).
  4069 | D:5      | 4069 ||| Stepping ~*~*~tactically~*~*~ (stealth).
  4165 | D:5      | Noticed an ice beast
  4177 | D:5      | Killed an ice beast
  4178 | D:5      | Reached skill level 6 in Axes
  4178 | D:5      | Reached XP level 7. HP: 21/43 MP: 7/7
  4352 | D:5      | Reached skill level 1 in Dodging
  4480 | D:5      | 4480 ||| Stepping ~*~*~tactically~*~*~ (hiding).
  4482 | D:5      | 4482 ||| Stepping ~*~*~tactically~*~*~ (hiding).
  4484 | D:5      | 4484 ||| Stepping ~*~*~tactically~*~*~ (hiding).
  4487 | D:5      | 4487 ||| DRINKING potion of curing.
  4487 | D:5      | 4487 ||| (to cure confusion)
  4560 | D:5      | 4560 ||| Stepping ~*~*~tactically~*~*~ (stealth).
  4561 | D:5      | 4561 ||| Stepping ~*~*~tactically~*~*~ (stealth).
  4631 | D:5      | 4631 ||| Stepping ~*~*~tactically~*~*~ (stealth).
  4636 | D:5      | 4636 ||| Stepping ~*~*~tactically~*~*~ (stealth).
  4637 | D:5      | 4637 ||| Stepping ~*~*~tactically~*~*~ (stealth).
  4664 | D:5      | Reached skill level 7 in Axes
  4664 | D:5      | 4664 ||| FLEEEEING.
  5078 | D:5      | 5078 ||| UPGRADING to amulet of regeneration.
  5083 | D:5      | 5083 ||| READING scroll labelled POCVYE YKE ZIA.
  5084 | D:5      | 5084 ||| READING 3 scrolls of identify.
  5084 | D:5      | 5084 ||| IDENTIFYING black potion
  5085 | D:5      | 5085 ||| READING 2 scrolls of identify.
  5085 | D:5      | 5085 ||| IDENTIFYING metallic brown potion
  5086 | D:5      | 5086 ||| DROPPING potion of berserk rage.
  5241 | D:6      | Found an iron altar of Okawaru.
  5242 | D:6      | 5242 ||| PLANNING OKAWARU WORSHIP
  5242 | D:6      | 5242 ||| UPGRADING to +2 chain mail of cold resistance.
  5252 | D:6      | 5252 ||| DROPPING +0 chain mail.
  5258 | D:6      | Became a worshipper of Warmaster Okawaru
  5259 | D:6      | 5259 ||| PLANNING D:1-11
  5301 | D:6      | Reached XP level 8. HP: 49/49 MP: 8/8
  5595 | D:6      | Found an opulent altar of Gozag.
  5595 | D:6      | Found Gozag's Platinum Reserve.
  5611 | D:6      | 5611 ||| SHOPLISTING ring of Res Nullius {rElec EV+4 Int+2
                  | Stlth+} (5700 gold, have 225).
  5874 | D:6      | 5874 ||| UPGRADING to +4 ring of evasion.
  5875 | D:6      | 5875 ||| READING 2 scrolls of identify.
  5875 | D:6      | 5875 ||| IDENTIFYING bubbling coppery potion
  5876 | D:6      | 5876 ||| DROPPING potion of invisibility.
  6190 | D:7      | Found a glowing golden altar of the Shining One.
  6217 | D:7      | 6217 ||| Stepping ~*~*~tactically~*~*~ (hiding).
  6218 | D:7      | 6218 ||| Stepping ~*~*~tactically~*~*~ (hiding).
  6348 | D:7      | 6348 ||| Stepping ~*~*~tactically~*~*~ (stealth).
  6354 | D:7      | 6354 ||| Stepping ~*~*~tactically~*~*~ (stealth).
  6357 | D:7      | 6357 ||| Stepping ~*~*~tactically~*~*~ (stealth).
  6391 | D:7      | 6391 ||| Stepping ~*~*~tactically~*~*~ (stealth).
  6394 | D:7      | 6394 ||| Stepping ~*~*~tactically~*~*~ (stealth).
  6413 | D:7      | Reached skill level 8 in Axes
  6421 | D:7      | Reached * piety under Okawaru
  6422 | D:7      | 6422 ||| INVOKING Heroism.
  6425 | D:7      | Reached skill level 6 in Fighting
  6425 | D:7      | Reached skill level 1 in Invocations
  6467 | D:7      | 6467 ||| Stepping ~*~*~tactically~*~*~ (stealth).
  6496 | D:7      | Noticed a cyclops
  6497 | D:7      | 6497 ||| INVOKING Heroism.
  6506 | D:7      | Killed a cyclops
  6506 | D:7      | Reached ** piety under Okawaru
  6507 | D:7      | Reached XP level 9. HP: 49/55 MP: 8/12
  6546 | D:7      | Noticed an eight-headed hydra
  6547 | D:7      | 6547 ||| Stepping ~*~*~tactically~*~*~ (stealth).
  6549 | D:7      | 6549 ||| Stepping ~*~*~tactically~*~*~ (stealth).
  6551 | D:7      | 6551 ||| Stepping ~*~*~tactically~*~*~ (stealth).
  6553 | D:7      | 6553 ||| Stepping ~*~*~tactically~*~*~ (stealth).
  6555 | D:7      | 6555 ||| Stepping ~*~*~tactically~*~*~ (stealth).
  6557 | D:7      | 6557 ||| Stepping ~*~*~tactically~*~*~ (stealth).
  6559 | D:7      | 6559 ||| Stepping ~*~*~tactically~*~*~ (stealth).
  6561 | D:7      | 6561 ||| Stepping ~*~*~tactically~*~*~ (stealth).
  6563 | D:7      | 6563 ||| INVOKING Heroism.
  6564 | D:7      | 6564 ||| SWAPPING to +0 flail.
  6578 | D:7      | HP: 8/55 [eight-headed hydra (9)]
  6578 | D:7      | Slain by an eight-headed hydra

Levels and vault maps discovered:
D:1:      saegor_arrival_miasma, layout_basic
D:2:      layout_rooms, hellmonk_ecumenical_altar_zigzags, corexii_shack,
          kennysheep_generic_room_11, uniq_robin
D:3:      layout_loops_cross, nicolae_overflow_ecumenical_swirl,
          gammafunk_temple_overflow_forgotten
D:4:      layout_rooms, minmay_temple_entry_ruins, gup_sewer_entry_glass
D:5:      layout_cave_pools, hangedman_decor_opposing
D:6:      layout_loops_corners, okawaru_ov_weapons_minmay,
          nicolae_gozag_zags_fifth_avenue
D:7:      nzn_winding_woodlands_medium [nzn_winding_woodlands_5x5_checkerboard,
          nzn_winding_woodlands_5x15_sidewinder,
          nzn_winding_woodlands_5x5_three, nzn_winding_woodlands_5x5_open_star,
          nzn_winding_woodlands_center_diamonds,
          nzn_winding_woodlands_5x5_closed_star,
          nzn_winding_woodlands_hourglass, nzn_winding_woodlands_5x15_cabin,
          nzn_winding_woodlands_5x5_cross], layout_basic, tgw_trog,
          general_overflow_altar
Temple:   corrupted_temple

Skill      XL: |  1  2  3  4  5  6  7  8 |
---------------+-------------------------+-----
Axes           | 2 3 4 5 6 7 8 |  8.9
Fighting       | 4 5 6 |  6.0
Dodging        | 1 |  1.3
Armour         | 4 |  4.0
Invocations    | 4 |  4.1
Shields        | |  3.2

Action                   |  1- 3 |  4- 6 |  7- 9 || total
-------------------------+-------+-------+-------++-------
Melee: War axe           |    89 |   193 |   196 ||   478
       Flail             |       |       |    13 ||    13
Invok: Heroism           |       |       |     3 ||     3
  Use: Scroll            |     3 |    11 |     4 ||    18
       Potion            |       |     1 |     1 ||     2
Armor: Scale mail        |    21 |       |       ||    21
       Chain mail        |    60 |   114 |   172 ||   346
Dodge: Dodged            |    38 |    72 |    93 ||   203
Block: Buckler           |    24 |    32 |    39 ||    95

Table legend:
 A = Non-vault XP
 B = Vault XP
 C = Vault XP percentage of total XP
 D = Non-vault monster count
 E = Vault monster count
 F = Vault count percentage of total count
                 A         B        C        D         E       F
            +---------+---------+-------+---------+---------+-------
      Total |    1419 |    1378 |  49.3 |     104 |      35 |  25.2
            +---------+---------+-------+---------+---------+-------
        D:1 |      33 |       0 |   0.0 |      20 |       0 |   0.0
        D:2 |     108 |      43 |  28.5 |      20 |      15 |  42.9
        D:3 |      34 |       0 |   0.0 |      16 |       0 |   0.0
        D:4 |     116 |      32 |  21.6 |      13 |       4 |  23.5
        D:5 |     573 |       0 |   0.0 |      16 |       0 |   0.0
        D:6 |     292 |       0 |   0.0 |       7 |       0 |   0.0
        D:7 |     263 |    1226 |  82.3 |      12 |       8 |  40.0
      Sewer |       0 |      77 | 100.0 |       0 |       8 | 100.0
            +---------+---------+-------+---------+---------+-------
